 Dungeon Crawl Stone Soup version 0.22-a0-406-g9ff8d77 (webtiles) character file.

499 Borgoz the Skirmisher (level 7, 0/44 HPs)
             Began as a Gargoyle Abyssal Knight on May 8, 2018.
             Was a Believer of Lugonu.
             Slain by an ogre
             ... wielding a +0 giant club
              (14 damage)
             ... on level 5 of the Dungeon.
             The game lasted 00:05:57 (4206 turns).

Borgoz the Skirmisher (Gargoyle Abyssal Knight)     Turns: 4206, Time: 00:05:59

Health: 0/44       AC: 11    Str: 16    XL:     7   Next: 16%
Magic:  10/10      EV: 10    Int: 12    God:    Lugonu [**....]
Gold:   252        SH:  0    Dex: 11    Spells: 6/6 levels left

rFire    . . .     SeeInvis .   a - +2 hand axe
rCold    . . .     Gourm    .   (no shield)
rNeg     + . .     Faith    .   f - +0 scale mail
rPois    ∞         Spirit   .   (no helmet)
rElec    +         Reflect  .   (no cloak)
rCorr    .         Harm     .   (no gloves)
MR       .....                  (no boots)
Stlth    ..........             (no amulet)
HPRegen  0.14/turn              (no ring)
MPRegen  0.12/turn              (no ring)

@: no status effects
A: negative energy resistance 1, electricity resistance, unbreathing,
petrification resistance, rot immunity, AC +4
a: Depart the Abyss, Bend Space, Renounce Religion


You were on level 5 of the Dungeon.
You worshipped Lugonu.
Lugonu was pleased with you.
You were hungry.

You visited 2 branches of the dungeon, and saw 6 of its levels.
You visited the Abyss 1 time.
You also visited: Ossuary.

You collected 252 gold pieces.

Inventory:

Hand Weapons
 a - a +2 hand axe (weapon)
Armour
 f - a +0 scale mail (worn)
Jewellery
 s - an uncursed amulet of magic regeneration {unknown}
Wands
 x - a wand of disintegration (5)
Scrolls
 b - 2 scrolls of enchant armour {unknown}
 e - 2 scrolls of immolation {unknown}
 g - 2 scrolls of enchant weapon
 j - a scroll of vulnerability {unknown}
 l - 2 scrolls of remove curse
 q - a scroll of fog {unknown}
 u - 2 scrolls of amnesia {unknown}
 y - 4 scrolls of teleportation {unknown}
 A - a scroll of fear
Potions
 d - 3 potions of heal wounds
 h - 3 potions of brilliance
 i - 2 potions of magic {unknown}
 k - 5 potions of curing
 m - 2 potions of resistance {unknown}
 n - 2 potions of agility {unknown}
 o - a potion of mutation {unknown}
 p - 3 potions of berserk rage {unknown}
 r - 2 potions of lignification
 t - 2 potions of flight
 v - 2 potions of ambrosia {unknown}
 w - 2 potions of invisibility {unknown}
Comestibles
 c - 6 rations
 z - 5 chunks of flesh


   Skills:
 + Level 4.8 Fighting
 + Level 3.3 Axes
 + Level 4.1 Armour
 + Level 2.6 Dodging
 + Level 4.0 Invocations


You had 6 spell levels left.
You didn't know any spells.

Dungeon Overview and Level Annotations

Branches:
Dungeon (5/15)             Temple (1/1) D:4

Altars:
Ashenzari
Cheibriados
Dithmenos
Elyvilon
Fedhas
Gozag
Hepliaklqana
Kikubaaqudgha
Makhleb
Okawaru
Ru
Sif Muna
Trog
Uskayaw
Vehumet
Wu Jian
Xom
Yredelemnul
Zin
The Shining One


Innate Abilities, Weirdness & Mutations

You are resistant to torment.
Your stone body is resilient. (AC +4)
You are immune to poison.
You resist negative energy. (rN+)
You are resistant to electric shocks. (rElec)
You can survive without breathing.
You are immune to petrification.
You are immune to rotting.


Message History

You completely miss the jelly.
The jelly is almost dead.
The jelly barely misses you. The jelly hits you but does no damage.
You hit the jelly.
You kill the jelly!
Lugonu accepts your kill.
Your Invocations skill increases to level 4!
An ogre comes into view. It is wielding a giant club.
The ogre shouts!
You are feeling hungry.
You slash the ogre!
The ogre is moderately wounded.
The ogre hits you with a giant club!
You slash the ogre!
The ogre is heavily wounded.
The ogre hits you with a giant club!
You barely miss the ogre.
The ogre is heavily wounded.
The ogre hits you with a giant club!
You die...

### #.#
..# #.. #
#.# # ..#
#.##.##.#
#.#
#...O...#
#.# ##@#
#.# #..#
#.# #.##
#.#
####.###
..#
#......#
###
#.##.#.#
# # #.#.#
# # #.# #
## #.
#.#.#


You could see an ogre.

Vanquished Creatures
  A sky beast (D:5)
  A centaur (D:5)
  A scorpion (D:4)
  2 hounds (D:4)
  A jelly (D:5)
  2 worker ants
  A mummy (Ossuary)
  3 adders
  A shadow imp (D:5)
  An ooze (D:1)
  2 adder skeletons (D:4)
  2 worms
  5 leopard geckos
  8 orcs
  3 giant cockroaches
  3 goblins
  7 hobgoblins
  2 jackals (D:2)
  A quokka (D:3)
  6 bats
  5 frilled lizards
  A gnoll zombie (Ossuary)
  3 goblin skeletons (Ossuary)
  A hobgoblin skeleton (Ossuary)
  2 hobgoblin zombies (Ossuary)
  5 kobolds
  2 kobold skeletons (Ossuary)
  3 kobold zombies (Ossuary)
  A leopard gecko skeleton (D:4)
  An orc skeleton (Ossuary)
  3 orc zombies (Ossuary)
  2 rats
  2 rat zombies (Ossuary)
84 creatures vanquished.

Vanquished Creatures (others)
  Menkaure (Ossuary)
  2 mummies (Ossuary)
  2 gnoll zombies (Ossuary)
  3 gnoll skeletons (Ossuary)
  3 goblin skeletons (Ossuary)
  A goblin zombie (Ossuary)
  A hobgoblin skeleton (Ossuary)
  5 hobgoblin zombies (Ossuary)
  2 kobold skeletons (Ossuary)
  3 kobold zombies (Ossuary)
  4 orc skeletons (Ossuary)
  2 orc zombies (Ossuary)
  5 rat skeletons (Ossuary)
  A rat zombie (Ossuary)
35 creatures vanquished.

Grand Total: 119 creatures vanquished

Notes
Turn   | Place    | Note
-------+----------+-------------------------------------------
     0 | Abyss:1  | Borgoz the Gargoyle Abyssal Knight began the quest for the Orb.
     0 | Abyss:1  | Reached XP level 1. HP: 14/14 MP: 2/2
    35 | Abyss:1  | Noticed a thrashing horror
    39 | D:1      | Escaped the Abyss
   217 | D:1      | Reached * piety under Lugonu
   272 | D:1      | Reached skill level 1 in Dodging
   272 | D:1      | Reached XP level 2. HP: 16/19 MP: 3/3
   733 | D:2      | Reached XP level 3. HP: 16/23 MP: 4/4
   828 | D:2      | Found a hide-covered altar of Uskayaw.
  1651 | D:3      | Reached XP level 4. HP: 24/29 MP: 5/5
  1802 | D:3      | Found a hazy altar of Hepliaklqana.
  2269 | D:4      | Found a staircase to the Ecumenical Temple.
  2284 | D:4      | Reached XP level 5. HP: 18/33 MP: 7/7
  2288 | D:4      | Reached ** piety under Lugonu
  2404 | D:4      | Found a sand-covered staircase.
  2410 | Ossuary  | Entered an ossuary
  2536 | Ossuary  | Killed Menkaure
  2788 | Ossuary  | Reached XP level 6. HP: 31/39 MP: 8/8
  3036 | D:4      | Noticed a phantom
  3601 | D:4      | Found a burning altar of Makhleb.
  3613 | D:4      | Found a basalt altar of Yredelemnul.
  3850 | Temple   | Entered the Ecumenical Temple
  4052 | D:5      | Entered Level 5 of the Dungeon
  4137 | D:5      | Noticed a sky beast
  4154 | D:5      | Killed a sky beast
  4177 | D:5      | Reached XP level 7. HP: 22/44 MP: 9/9
  4206 | D:5      | Slain by an ogre

Vault maps used:
D:1:      minmay_arrival_three_doors, skrybe_limestone_x, interstate_on_off
D:2:      nicolae_overflow_crystal_walls, first_ration
D:3:      lemuel_doored_altar, serial_corexii_hall, corexii_hall_statues_s,
          corexii_hall_statues_x, minmay_misc_feat_plants
D:4:      minitemple, minmay_temple_entry_grid, nicolae_ossuary_entry_plus
D:5:      gup_sewer_entry_bowl, uniq_sigmund, uniq_grinder
Temple:   eino_temple_scatter_basement
Ossuary:  ossuary_due_pyramid

Skill      XL: |  1  2  3  4  5  6  7 |
---------------+----------------------+-----
Dodging        | 1 2 |  2.6
Axes           | 2 3 |  3.3
Armour         | 3 4 |  4.1
Fighting       | 4 |  4.8
Invocations    | 3 4 |  4.0

Action                   |  1- 3 |  4- 6 |  7- 9 || total
-------------------------+-------+-------+-------++-------
Melee: Hand axe          |   126 |   201 |    10 ||   337
Invok: Depart the Abyss  |     1 |       |       ||     1
  Use: Scroll            |       |    10 |       ||    10
       Potion            |       |     1 |     1 ||     2
  Eat: Chunk             |     2 |     5 |       ||     7
       Ration            |       |     1 |       ||     1
Armor: Leather armour    |     3 |       |       ||     3
       Scale mail        |    79 |    93 |     4 ||   176
Dodge: Dodged            |    79 |    95 |     4 ||   178

Table legend:
 A = Spawn XP
 B = Non-spawn XP
 C = Spawn XP percentage of total XP
 D = Spawn monster count
 E = Non-spawn monster count
 F = Spawn count percentage of total count
 G = Total turns spent on level
                    A         B        C        D         E        F      G
               +---------+---------+-------+---------+---------+-------+---------
         Total |       0 |     713 |   0.0 |       0 |      77 |   0.0 |  4206
               +---------+---------+-------+---------+---------+-------+---------
           D:1 |       0 |      26 |   0.0 |       0 |      14 |   0.0 |   626
           D:2 |       0 |      48 |   0.0 |       0 |      14 |   0.0 |   714
           D:3 |       0 |      21 |   0.0 |       0 |      11 |   0.0 |   878
           D:4 |       0 |     251 |   0.0 |       0 |      19 |   0.0 |  1188
           D:5 |       0 |     338 |   0.0 |       0 |       7 |   0.0 |   108
       Ossuary |       0 |      29 |   0.0 |       0 |      12 |   0.0 |   481
               +---------+---------+-------+---------+---------+-------+---------
